 Dungeon Crawl Stone Soup version 0.30-a0-718-geaa24f58ff (webtiles) character file.

Game seed: 9665830759995360585

1397 Pooter the Chopper (level 8, -3/63 (70) HPs)
             Began as a Minotaur Fighter on Jan 24, 2023.
             Slain by a wight
             ... wielding a +5 mace
              (10 damage)
             ... on level 6 of the Dungeon on Jan 25, 2023.
             The game lasted 00:29:47 (5381 turns).

Pooter the Chopper (Minotaur Fighter)               Turns: 5381, Time: 00:29:48

HP:   -3/63 (70)    AC: 12    Str: 22    XL:     8   Next: 41%
MP:   7/7           EV:  6    Int:  5    God:
Gold: 357           SH:  4    Dex: 11    Spells: 6/7 levels left

rFire   + . .      SeeInvis +    a - +2 war axe
rCold   . . .      Faith    .    c - +0 buckler
rNeg    . . .      Spirit   .    z - +1 plate armour
rPois   .          Reflect  .    (helmet restricted)
rElec   .          Harm     .    (no cloak)
rCorr   .          Rampage  .    (no gloves)
Will    .....                    (no boots) Stlth
                                 (no amulet)
HPRegen 0.30/turn                S - ring of see invisible
MPRegen 0.10/turn                F - ring of protection from fire

@: heavily drained
A: horns 2, retaliatory headbutt
a: no special abilities


You were on level 6 of the Dungeon.
You visited 1 branch of the dungeon, and saw 6 of its levels.
You also visited: Sewer.

You collected 357 gold pieces.

Inventory:

Hand Weapons
 a - a +2 war axe (weapon)
 b - a +0 sling
   (You found it on level 2 of the Dungeon)
 g - a +0 trident
   (You found it on level 1 of the Dungeon)
 r - the +7 Throatcutter {drain, coup de grace}
   (You took it off Terence on level 2 of the Dungeon)
 B - a +0 glaive
   (You found it on level 4 of the Dungeon)
 I - the +9 rapier of the Supporting Whale {antimagic, rF+ Dex+3}
   (You found it on level 5 of the Dungeon)

   Dex:       It affects your dexterity (+3).
   rF:        It protects you from fire.
Missiles
 k - 5 curare-tipped darts
 s - 16 poisoned darts
 E - 11 boomerangs (quivered)
 Q - 45 stones
Armour
 c - a +0 buckler (worn)
 z - a +1 plate armour (worn)
   (You found it on level 3 of the Dungeon)
Jewellery
 w - a +6 ring of intelligence
   (You found it on level 3 of the Dungeon)
 F - a ring of protection from fire (right hand)
   (You found it on level 2 of the Dungeon)
 H - a ring of flight
   (You found it on level 1 of the Dungeon)
 S - a ring of see invisible (left hand)
   (You found it on level 3 of the Dungeon)
Wands
 d - a wand of iceblast (14)
   (You found it on level 4 of the Dungeon)
 f - a wand of flame (1)
   (You found it on level 5 of the Dungeon)
 x - a wand of acid (5)
   (You found it on level 3 of the Dungeon)
 A - a wand of polymorph (6)
   (You found it on level 4 of the Dungeon)
Scrolls
 h - 2 scrolls of amnesia {unknown}
 l - 3 scrolls of poison {!r}
 o - 2 scrolls of fog {unknown}
 q - 3 scrolls of noise {!r}
 t - a scroll of teleportation {@r4}
 v - a scroll of silence {unknown}
 y - a scroll of blinking
 G - a scroll of vulnerability {!r}
 J - a scroll of torment {unknown}
Potions
 e - a potion of magic {unknown}
 i - 2 potions of haste {unknown}
 j - 3 potions of attraction {!q}
 m - a potion of invisibility {unknown}
 n - 3 potions of brilliance
 p - a potion of heal wounds {@q2}
 u - 3 potions of mutation {unknown}
 C - 3 potions of might
 D - 2 potions of berserk rage
 K - a potion of lignification {unknown}
 L - a potion of resistance {unknown}
 M - a potion of curing {unknown}


   Skills:
 + Level 6.1 Fighting
 + Level 2.2 Short Blades
 * Level 7.5 Axes
 * Level 5.2 Ranged Weapons
 - Level 3.6 Armour
 - Level 4.1 Shields
 + Level 2.5 Translocations
 + Level 2.2 Evocations


You had 6 spell levels left.
You knew the following spells:

 Your Spells              Type           Power      Damage    Failure   Level
c - Apportation           Tloc           4%         N/A       99%         1

Your spell library contained the following spells:

 Spells                   Type           Power      Damage    Failure   Level
 Ensorcelled Hibernation  Hex/Ice        0%         N/A       100%        2
 Passwall                 Tmut/Erth      0%         N/A       100%        2
 Dazzling Flash           Conj/Hex       0%         N/A       100%        3
 Swiftness                Air            0%         N/A       100%        3
 Iskenderun's Mystic Bla  Conj/Tloc      1%         2d3       100%        4
 Alistair's Intoxication  Tmut/Pois      0%         N/A       100%        5
 Starburst                Conj/Fire      0%         6d3       100%        6


Dungeon Overview and Level Annotations

Branches:
Dungeon (6/15)              Sewer (visited)
 Temple: D:4-7

Altars:
Cheibriados
Gozag
The Shining One

Annotations:
D:5 3 runed translucent doors, bmack86's ghost, novice MiFi


Innate Abilities, Weirdness & Mutations

You have a pair of horns on your head.
You reflexively headbutt those who attack you in melee.


Message History

You hit the wight.
The wight hits you with a +0 short sword.
You slash the wight!
You destroy the wight!
You start resting.
Things that are here:
a +0 short sword; a +0 robe An orc comes into view.
It is wielding a +0 flail.
You throw a boomerang.
The boomerang hits the orc but does no damage.
You throw a boomerang. The boomerang hits the orc.
You kill the orc!
A wight comes into view. It is wielding a +5 mace.
You throw a boomerang. The boomerang closely misses the wight.
A wight comes into view. It is wielding a +0 long sword.
You throw a boomerang. The boomerang hits the wight.
You hit the wight.
The wight hits you with a +0 long sword!
You feel drained.
You barely miss the wight. Your headbutt misses the wight.
You hit the wight but do no damage.
You headbutt the wight, but do no damage.
The wight hits you with a +5 mace!
You feel drained.
You hit the wight. You hit the wight but do no damage.
The wight hits you with a +0 long sword.
You feel drained. The wight hits you with a +5 mace!
You are too injured to fight recklessly!
You are too injured to fight recklessly!
You are too injured to fight recklessly!
You hit the wight. You slash the wight!
You destroy the wight!
The wight hits you with a +5 mace.
You barely miss the wight.
You headbutt the wight, but do no damage.
The wight hits you with a +5 mace!
* * * LOW HITPOINT WARNING * * *
You feel drained.
* * * LOW HITPOINT WARNING * * *
The wight hits you with a +5 mace.
* * * LOW HITPOINT WARNING * * *
You hit the wight. You headbutt the wight. The wight completely misses you.
You slash the wight! The wight hits you with a +5 mace!
* * * LOW HITPOINT WARNING * * *
You feel drained.
* * * LOW HITPOINT WARNING * * *
Unknown command.
You hit the wight but do no damage.
You headbutt the wight, but do no damage.
The wight hits you with a +5 mace!
You die...

#######
..... ##
#.#.# # ..
...#
##.#.##.##.
.# ..#.#
#..........
.# ...#.#
#.#..##.##
.###.# #.#
#.#.@#
.....###.#
#)#.z).....#
.........##
#.#)##./####
..........#
#.#.. ..#
.#######..#
#.#.. ##
..).......#
#.#..
########..#
#.#..#
#..###.#.
#......#


You could see a wight.

Vanquished Creatures
  Pargi (Sewer)
  An ice beast (D:5)
  A black bear (D:6)
  An ogre (D:5)
  2 phantoms (D:4)
  A scorpion (D:4)
  A necrophage (D:4)
  2 wights (D:6)
  A vampire bat (D:5)
  2 jellies
  An orc priest (D:3)
  2 hounds (D:5)
  Terence (D:2)
  Natasha (thrice) (D:2)
  An iguana (D:4)
  3 orc wizards (D:5)
  7 adders
  A worm (D:3)
  5 dart slugs
  3 fire bats (D:5)
  17 orcs
  2 spectral bats (D:5)
  6 ball pythons
  17 bats
  3 bat skeletons (D:5)
  A bat zombie (D:5)
  10 endoplasms
  A giant cockroach (D:5)
  4 goblins
  9 hobgoblins
  11 jackals
  5 kobolds
  5 quokkas
  A bat simulacrum (D:5)
  4 frilled lizards
  2 rats
138 creatures vanquished.

Vanquished Creatures (others)
  5 plants (D:4)
5 creatures vanquished.

Grand Total: 143 creatures vanquished

Notes
Turn   | Place    | Note
-------+----------+-------------------------------------------
     0 | D:1      | Pooter the Minotaur Fighter began the quest for the Orb.
     0 | D:1      | Reached XP level 1. HP: 19/19 MP: 0/0
   126 | D:1      | Reached skill level 3 in Axes
   165 | D:1      | Reached XP level 2. HP: 27/27 MP: 1/1
   713 | D:1      | Found a faded altar of an unknown god.
   857 | D:1      | Reached XP level 3. HP: 33/33 MP: 2/2
   874 | D:1      | Learned a level 1 spell: Apportation
  1119 | D:2      | Noticed Natasha
  1134 | D:1      | Reached skill level 4 in Axes
  1152 | D:2      | Killed Natasha
  1209 | D:2      | Reached XP level 4. HP: 38/41 MP: 3/3
  1444 | D:2      | Noticed Terence
  1473 | D:2      | Killed Terence
  1480 | D:2      | Noticed Natasha
  1487 | D:2      | Killed Natasha
  1488 | D:2      | Reached skill level 1 in Ranged Weapons
  1544 | D:2      | Upgraded the game from 0.30-a0-715-gdb4ae3ece1 to
                  | 0.30-a0-718-geaa24f58ff
  1653 | D:2      | Reached skill level 1 in Translocations
  1653 | D:2      | Reached XP level 5. HP: 45/47 MP: 4/4
  1792 | D:2      | Noticed Natasha
  1805 | D:2      | Killed Natasha
  1806 | D:2      | Reached skill level 5 in Axes
  2540 | D:3      | Found a snail-covered altar of Cheibriados.
  2829 | D:3      | Found a glowing golden altar of the Shining One.
  2990 | D:4      | Noticed a phantom
  2999 | D:4      | Killed a phantom
  3000 | D:4      | Reached skill level 5 in Fighting
  3000 | D:4      | Reached XP level 6. HP: 56/56 MP: 5/5
  3372 | D:4      | Reached skill level 6 in Axes
  3619 | D:4      | Found an opulent altar of Gozag.
  3667 | D:4      | Reached XP level 7. HP: 61/61 MP: 6/6
  4037 | D:5      | Entered Level 5 of the Dungeon
  4049 | D:5      | Identified the +9 rapier of the Supporting Whale
                  | {antimagic, rF+ Dex+3}
  4077 | D:5      | Found a glowing drain.
  4081 | Sewer    | Entered a sewer
  4108 | Sewer    | Noticed Pargi
  4119 | Sewer    | Killed Pargi
  4120 | Sewer    | Reached skill level 1 in Evocations
  4395 | D:5      | Reached skill level 1 in Short Blades
  4441 | D:5      | Found a runed translucent gate.
  4441 | D:5      | Found a runed translucent gate.
  4441 | D:5      | Found a runed translucent gate.
  4598 | D:5      | Reached XP level 8. HP: 52/70 MP: 2/7
  4604 | D:5      | Reached skill level 7 in Axes
  5054 | D:5      | Found an opulent altar of Gozag.
  5056 | D:5      | Noticed bmack86's ghost (novice MiFi)
  5324 | D:6      | Reached skill level 5 in Ranged Weapons
  5381 | D:6      | Slain by a wight

Illustrated notes

Levels and vault maps discovered:
D:1:      lemuel_arrival_muddy, layout_basic,
          hellmonk_ecumenical_altar_inner_sanctum
D:2:      layout_rooms, kennysheep_cross_room, uniq_terence, uniq_natasha
D:3:      layout_basic, mainiacjoe_overflow_brackets,
          mainiacjoe_overflow_catwalk, grunt_decor_arrowhead
D:4:      corexii_shack_village, layout_basic, grunt_gozag_breadcrumbs,
          kennysheep_nondescript, st_stairs_5
D:5:      layout_basic, ebering_ghost_gozag, gup_sewer_entry_bowl,
          goddamned_bats
D:6:      layout_loops_ring, fiery_altar_vehumet, minmay_temple_entry_trees,
          serial_shops, shop

Skill      XL: |  1  2  3  4  5  6  7  8 |
---------------+-------------------------+-----
Axes           | 3 4 5 6 7 |  7.5
Fighting       | 4 5 6 |  6.1
Ranged Weapons | 1 2 3 4 5 |  5.2
Translocations | 1 2 |  2.5
Shields        | 4 |  4.1
Evocations     | 1 2 |  2.2
Short Blades   | 1 2 |  2.2
Armour         | |  3.6

Action                     |  1- 3 |  4- 6 |  7- 9 || total
---------------------------+-------+-------+-------++-------
  Melee: War axe           |    64 |    94 |    91 ||   249
         Headbutt          |     8 |    16 |    14 ||    38
         Trident           |       |    10 |       ||    10
         Rapier            |       |       |    14 ||    14
   Fire: Sling             |       |    10 |    11 ||    21
  Throw: Dart              |       |    14 |       ||    14
         Boomerang         |       |       |    10 ||    10
    Use: Scroll            |       |     6 |     5 ||    11
 Armour: Scale mail        |    27 |    20 |       ||    47
         Plate armour      |       |    21 |   102 ||   123
  Dodge: Dodged            |    32 |    30 |    42 ||   104
  Block: Buckler           |     8 |    16 |    34 ||    58

Table legend: (Time is in decaauts)
 A = Elapsed time spent in this place.
 B = Non-inter-level travel time spent in this place.
 C = Inter-level travel time spent in this place.
 D = Time resting spent in this place.
 E = Time spent auto-exploring this place.
 F = Levels seen in this place.
 G = Mean time per level.
                   A        B        C        D        E       F      G
               +--------+--------+--------+--------+--------+-----+--------+
         Total |   5483 |   5318 |    165 |    295 |   3960 |   7 |  783.3 |
       Dungeon |   5363 |   5198 |    165 |    295 |   3899 |   6 |  893.8 |
         Sewer |    119 |    119 |      0 |      0 |     61 |   1 |  119.0 |
               +--------+--------+--------+--------+--------+-----+--------+

Top non-repeatable levels by time:
     D:1: 1156 daAuts
     D:4: 1116 daAuts
     D:3: 1100 daAuts
     D:5: 1072 daAuts
     D:2: 732 daAuts
     D:6: 185 daAuts
   Sewer: 119 daAuts
